 Dungeon Crawl Stone Soup version 0.27.1-2-g3b301248ec (webtiles) character file.

Game seed: 14681749521263625537

29871 belegose the Fighter (level 13, 0/99 HPs)
             Began as a Palentonga Fighter on Oct 4, 2021.
             Was a High Priest of Hepliaklqana.
             Slain by an orc warlord (4 damage)
             ... on level 1 of the Orcish Mines.
             The game lasted 00:55:48 (24172 turns).

belegose the Fighter (Palentonga Fighter)          Turns: 24172, Time: 00:55:49

Health: 0/99       AC: 22    Str: 21      XL:     13   Next: 17%
Magic:  17/17      EV:  5    Int: 12 (14) God:    Hepliaklqana [*****.]
Gold:   1449       SH: 16    Dex: 10      Spells: 12/12 levels left

rFire    . . .     SeeInvis +   b - +5 war axe of the Poles {vorpal, rN+ Str-2 Int+4}
rCold    . . .     Faith    .   c - +0 kite shield
rNeg     + . .     Spirit   .   I - +0 plate armour
rPois    .         Reflect  +   m - +0 helmet
rElec    .         Harm     .   B - +0 cloak
rCorr    .         Rampage  .   e - +0 pair of gloves
Will     +....                  (no barding)
Stlth    ..........             n - amulet of reflection
HPRegen  0.26/turn              P - ring of willpower
MPRegen  0.15/turn              (no ring)

@: curled up
A: reduced essence, large, rugged brown scales 3, see invisible, deformed body,
roll 1, armoured tail, reflexive curl
a: Rolling Charge, Renounce Religion, Recall Ancestor, Ancestor Identity,
Transference, Idealise


You were on level 1 of the Orcish Mines.
You worshipped Hepliaklqana.
Hepliaklqana was extremely pleased with you.
You visited 3 branches of the dungeon, and saw 15 of its levels.

You collected 1449 gold pieces.

Inventory:

Hand Weapons
 a - a +2 spear of venom
 b - the +5 war axe of the Poles (weapon) {vorpal, rN+ Str-2 Int+4}
   (You found it on level 9 of the Dungeon)

   It inflicts extra damage upon your enemies.
   Str:       It affects your strength (-2).
   Int:       It affects your intelligence (+4).
   rN:        It protects you from negative energy.
 f - a +1 scimitar of flaming
Missiles
 i - 24 boomerangs (quivered)
 j - 390 stones
 k - 29 poisoned darts
Armour
 c - a +0 kite shield (worn)
 e - a +0 pair of gloves (worn)
 m - a +0 helmet (worn)
 s - +0 ice dragon scales
 B - a +0 cloak (worn)
 I - a +0 plate armour (worn)
Jewellery
 n - an amulet of reflection (around neck)
 P - a ring of willpower (left hand)
Wands
 E - a wand of polymorph (19)
 J - a wand of acid (3)
 L - a wand of flame (50)
 O - a wand of charming (9)
 Q - a wand of iceblast (12)
Scrolls
 g - a scroll of enchant weapon {unknown}
 l - 3 scrolls of magic mapping {unknown}
 p - 2 scrolls of noise {unknown}
 q - 6 scrolls of teleportation
 r - 3 scrolls of torment {unknown}
 v - 3 scrolls of blinking {unknown}
 w - 2 scrolls of vulnerability {unknown}
 z - 4 scrolls of enchant armour
 A - 4 scrolls of fear
 G - 2 scrolls of fog {unknown}
 H - 2 scrolls of acquirement {unknown}
Potions
 d - a potion of might
 h - 2 potions of curing
 o - 2 potions of heal wounds
 t - 3 potions of attraction
 C - a potion of lignification
 F - 2 potions of invisibility
 K - a potion of mutation
 M - a potion of flight


   Skills:
 + Level 9.9 Fighting
 + Level 9.7 Axes
 + Level 7.0 Throwing
 + Level 7.2 Armour
 - Level 4.0 Dodging
 + Level 8.4 Shields
 - Level 6.4 Invocations
 + Level 5.8 Evocations


You had 12 spell levels left.
You didn't know any spells.
Your spell library contained the following spells:

 Spells                   Type           Power      Damage    Failure   Level
 Animate Skeleton         Necr           0%         N/A       100%        1
 Apportation              Tloc           0%         N/A       100%        1
 Corona                   Hex            0%         N/A       100%        1
 Freeze                   Ice            0%         1d3       100%        1
 Magic Dart               Conj           0%         1d3       100%        1
 Summon Small Mammal      Summ           0%         N/A       100%        1
 Call Imp                 Summ           0%         N/A       100%        2
 Frozen Ramparts          Ice            0%         1d2       100%        3
 Mephitic Cloud           Conj/Pois/Air  0%         N/A       100%        3
 Portal Projectile        Hex/Tloc       0%         N/A       100%        3
 Hailstorm                Conj/Ice       0%         3d3       100%        4
 Ice Form                 Ice/Tmut       0%         N/A       100%        4
 Summon Lightning Spire   Summ/Air       0%         N/A       100%        4
 Alistair's Intoxication  Tmut/Pois      0%         N/A       100%        5
 Blade Hands              Tmut           0%         N/A       100%        5
 Excruciating Wounds      Necr           0%         N/A       100%        5
 Invisibility             Hex            0%         N/A       100%        6
 Simulacrum               Ice/Necr       0%         N/A       100%        6
 Storm Form               Tmut/Air       0%         N/A       100%        7
 Maxwell's Capacitive Co  Air            0%         ∞         100%        8


Dungeon Overview and Level Annotations

Branches:
Dungeon (12/15)            Temple (1/1) D:4            Lair (0/6) D:11
    Orc (2/2) D:12
    Elf: Orc:2

Altars:
Ashenzari
Cheibriados
Dithmenos
Elyvilon
Fedhas
Gozag
Hepliaklqana
Kikubaaqudgha
Makhleb
Nemelex Xobeh
Okawaru
Qazlal
Ru
Sif Muna
Trog
Uskayaw
Vehumet
Wu Jian
Xom
Yredelemnul
Zin
The Shining One
Jiyva

Shops:
Orc:1 =   Orc:2 :*

Annotations:
D:9 3 runed translucent doors, exclusion: 3 doors, DemonSlayer's ghost, novice MiBe


Innate Abilities, Weirdness & Mutations

Your life essence is reduced to manifest your ancestor. (-10% HP)
You are completely covered in rugged brown scales. (AC +3, +7% HP)
You have supernaturally acute eyesight. (SInv)
Armour fits poorly on your strangely shaped body.
You can roll at nearby foes to attack.
You have a long armoured tail.
You curl defensively after being hit.


Message History

HP restored.
Unknown command.
You climb downwards.
You block the orc warrior's attack.
The orc high priest calls upon Beogh to heal the orc warrior.
The orc warrior is healed somewhat.
You block the orc warrior's attack.
The orc high priest calls upon Beogh to heal the orc warrior.
The orc warrior's wounds heal themselves!
An orc high priest comes into view. It is wielding a +0 glaive.
The orc warrior throws a boomerang.
The boomerang hits you but does no damage.
The orc warlord hits you with a +5 vorpal battleaxe!!
The orc warrior hits you with a +0 long sword.
The orc warrior barely misses you.
The orc high priest utters an invocation to Beogh.
The orc high priest calls down the wrath of Beogh upon you.
Beogh smites you!
The orc high priest mumbles some strange prayers.
There is a stone staircase leading up, spattered with blood here.
Unknown command.
Unknown command.
Unknown command.
Unknown command.
Unknown command.
Unknown command.
The orc warlord hits you with a +5 vorpal battleaxe!!
* * * LOW HITPOINT WARNING * * *
x2 You block the orc warrior's attack.
Kendra hits the orc warrior with a +0 dagger of draining.
Kendra drains the orc warrior.
The orc warrior barely misses you.
The orc warrior hits you but does no damage.
The orc high priest prays to Beogh.
The orc high priest hits Kendra with a +0 short sword!
The neqoxec gestures at you.
You feel dopey. Something feeds on your intellect!
You climb upwards.
There is a stone staircase leading down, spattered with blood here.
The orc warlord hits you with a +5 vorpal battleaxe!!
* * * LOW HITPOINT WARNING * * *
You die...

#≈≈§##.......................##
≈≈≈§§....#......#...........##
...................#........#
≈≈≈≈≈..#...[................#
#≈§≈##......>[.[...#..#.....#
##≈##......[†[.........#.#..####
####........................#.##
#...........#....[.............#
##...........[.@o)[..#......#.##
#.......[...[.o>o).........###
#........).....Ro.)........##
##...............)...........##
#...⌠.⌠......^................#
#....∩..#.....................##
#...⌠.⌠..#..##....#......##....#
###.......#........##....###...##
.#.....#.###..#.#.........###.##


You could see the friendly Kendra the hexer, an orc warlord and 3 orc warriors.

Vanquished Creatures
  Josephine (D:12)
  3 hydras
  A boulder beetle (D:11)
  2 two-headed ogres
  Erica (D:12)
  An orc high priest (Orc:1)
  2 orc knights (Orc:1)
  3 deep elf pyromancers
  A manticore (D:12)
  A cyclops (D:11)
  2 gargoyles
  A komodo dragon (D:11)
  A kobold demonologist (D:7)
  3 trolls
  A slime creature (D:12)
  A shadow (D:10)
  2 water elementals (D:11)
  5 wraiths
  4 wyverns
  Grum (D:10)
  21 yaks
  A basilisk (D:7)
  3 steam dragons
  4 vampire mosquitoes
  2 wargs
  6 water moccasins
  10 orc warriors
  A sky beast (D:6)
  4 black bears
  An ice beast (D:8)
  A necrophage (D:4)
  2 ogres
  5 wolves
  11 centaurs
  6 bullfrogs
  3 kobold brigands
  2 gnoll sergeants
  2 wyvern zombies
  A water moccasin zombie (D:5)
  2 wyvern skeletons (D:7)
  2 water moccasin skeletons
  12 killer bees
  10 wights
  An electric eel (D:11)
  2 lava snakes (D:8)
  4 bullfrog zombies
  A centaur zombie (D:7)
  A hound (D:6)
  2 bullfrog skeletons
  6 orc priests
  2 gnoll shamans
  6 iguanas
  A scorpion zombie (D:5)
  6 orc wizards
  Robin (D:3)
  14 gnolls
  2 adders (D:2)
  2 shadow imps (D:7)
  2 white imps
  4 ufetubi
  2 adder skeletons (D:5)
  A worm (D:4)
  3 dart slugs
  44 orcs
  11 endoplasms
  4 giant cockroaches
  13 goblins
  8 hobgoblins
  4 jackals (D:3)
  16 kobolds
  4 quokkas
  8 ball pythons
  5 bats
  3 frilled lizards (D:2)
  4 rats
336 creatures vanquished.

Vanquished Creatures (collateral kills)
  A two-headed ogre (D:11)
  An orc high priest (Orc:1)
  An ugly thing (D:12)
  A deep elf pyromancer (D:8)
  A cyclops (D:7)
  An orc sorcerer (Orc:1)
  A kobold demonologist (D:9)
  3 slime creatures (D:12)
  2 wraiths (D:12)
  3 yaks
  2 basilisks
  A vampire mosquito (D:12)
  3 wargs
  4 orc warriors
  A bullfrog (D:7)
  2 scorpions (D:5)
  A wight (D:7)
  3 electric eels (D:11)
  2 howler monkeys
  2 jellies
  A centaur skeleton (D:6)
  An iguana (D:6)
  4 orc wizards
  A gnoll (D:12)
  9 orcs
52 creatures vanquished.

Vanquished Creatures (others)
  7 hexers
  An orc wizard (D:4)
  2 ancestors
  4 orcs (Orc:1)
  22 fungi
  11 plants (D:11)
47 creatures vanquished.

Grand Total: 435 creatures vanquished

Notes
Turn   | Place    | Note
-------+----------+-------------------------------------------
     0 | D:1      | belegose the Palentonga Fighter began the quest for the
                  | Orb.
     0 | D:1      | Reached XP level 1. HP: 19/19 MP: 1/1
   589 | D:1      | Reached XP level 2. HP: 24/25 MP: 2/2
   832 | D:1      | Found a faded altar of an unknown god.
  1163 | D:2      | Reached XP level 3. HP: 28/31 MP: 3/3
  1466 | D:2      | Reached skill level 1 in Throwing
  1466 | D:2      | Reached XP level 4. HP: 17/37 MP: 4/4
  2579 | D:3      | Found a broken altar of Ashenzari.
  2633 | D:3      | Noticed Robin
  2656 | D:3      | Killed Robin
  2657 | D:3      | Reached XP level 5. HP: 33/44 MP: 5/5
  3008 | D:4      | Noticed a necrophage
  3020 | D:4      | Killed a necrophage
  3123 | D:3      | Reached XP level 6. HP: 31/51 MP: 6/6
  4415 | D:4      | Found a staircase to the Ecumenical Temple.
  4498 | Temple   | Entered the Ecumenical Temple
  4551 | Temple   | Became a worshipper of Hepliaklqana the Forgotten
  4643 | D:4      | Found a shimmering blue altar of Sif Muna.
  5066 | D:5      | Entered Level 5 of the Dungeon
  5066 | D:5      | Noticed a water moccasin
  5200 | D:5      | Found a blossoming altar of Fedhas.
  5244 | D:5      | Gained mutation: You curl defensively after being hit.
                  | [Palentonga growth]
  5244 | D:5      | Reached XP level 7. HP: 55/58 MP: 7/7
  5256 | D:5      | Reached skill level 1 in Invocations
  5475 | D:5      | Found a basalt altar of Yredelemnul.
  6552 | D:5      | Reached * piety under Hepliaklqana
  6676 | D:5      | Reached XP level 8. HP: 56/59 MP: 9/9
  6756 | D:5      | Reached skill level 5 in Fighting
  7022 | D:5      | HP: 3/60 [poisoned by a gnoll sergeant]
  7972 | D:6      | Found an ancient bone altar of Kikubaaqudgha.
  7977 | D:6      | Found a white marble altar of Elyvilon.
  8231 | D:6      | Found a stormy altar of Qazlal.
  8236 | D:6      | Found an opulent altar of Gozag.
  8237 | D:6      | Found a burning altar of Makhleb.
  8470 | D:6      | Reached skill level 5 in Axes
  9138 | D:7      | Reached ** piety under Hepliaklqana
  9142 | D:7      | Found a glowing silver altar of Zin.
  9149 | D:7      | Reached XP level 9. HP: 63/66 MP: 11/11
  9239 | D:7      | Reached skill level 5 in Armour
  9557 | D:7      | Reached skill level 5 in Shields
 10508 | D:7      | Noticed a kobold demonologist
 10508 | D:7      | Noticed a troll
 10508 | D:7      | Noticed a two-headed ogre
 10556 | D:6      | Killed a troll
 10558 | D:6      | Remembered your ancestor Kendra as a hexer
 10725 | D:7      | Noticed an eight-headed hydra
 10732 | D:7      | Killed an eight-headed hydra
 10733 | D:7      | Reached skill level 5 in Invocations
 10745 | D:7      | Reached XP level 10. HP: 45/74 MP: 13/13
 10884 | D:7      | Noticed a five-headed hydra
 11082 | D:8      | Noticed a deep elf pyromancer
 11095 | D:8      | Killed a deep elf pyromancer
 12723 | D:8      | Reached *** piety under Hepliaklqana
 13515 | D:8      | Reached skill level 5 in Throwing
 13837 | D:7      | Killed a two-headed ogre
 13838 | D:7      | Reached skill level 1 in Evocations
 13879 | D:7      | Killed a five-headed hydra
 13880 | D:7      | Reached skill level 1 in Dodging
 13880 | D:7      | Reached XP level 11. HP: 62/82 MP: 15/15
 14139 | D:7      | Noticed a deep elf pyromancer
 14146 | D:7      | Killed a deep elf pyromancer
 14863 | D:9      | Found a runed translucent gate.
 14863 | D:9      | Found a runed translucent gate.
 14863 | D:9      | Found a runed translucent gate.
 14864 | D:9      | Noticed DemonSlayer's ghost (novice MiBe)
 14869 | D:9      | Found a viscous altar of Jiyva.
 14877 | D:9      | Identified the +5 war axe of the Poles {vorpal, rN+ Str-2
                  | Int+4}
 14885 | D:9      | Reached **** piety under Hepliaklqana
 15175 | D:9      | You fall into a shaft and drop 2 floors!
 15210 | D:10     | Entered Level 10 of the Dungeon
 15799 | D:10     | Noticed a two-headed ogre
 15808 | D:10     | Killed a two-headed ogre
 16533 | D:10     | Noticed Grum
 16554 | D:10     | Killed Grum
 17448 | D:11     | Reached XP level 12. HP: 87/91 MP: 16/16
 17931 | D:11     | Noticed a boulder beetle
 17951 | D:11     | HP: 4/92 [boulder beetle (1)]
 17959 | D:11     | Killed a boulder beetle
 18647 | D:11     | Found a staircase to the Lair.
 18737 | D:11     | Noticed a two-headed ogre
 18746 | D:11     | Killed a two-headed ogre
 18993 | D:12     | Noticed a four-headed hydra
 19094 | D:12     | Killed a four-headed hydra
 20200 | D:12     | Found a staircase to the Orcish Mines.
 20517 | D:12     | Reached skill level 5 in Evocations
 20620 | D:12     | Reached ***** piety under Hepliaklqana
 21694 | Orc:1    | Entered Level 1 of the Orcish Mines
 21694 | Orc:1    | Noticed Josephine
 21711 | Orc:1    | Noticed Erica
 21859 | D:12     | Killed Erica
 22347 | D:12     | Killed Josephine
 22495 | Orc:1    | Found Xumaug's Jewellery Boutique.
 22599 | Orc:2    | Entered Level 2 of the Orcish Mines
 22607 | Orc:2    | Noticed an orc high priest
 23014 | Orc:1    | Killed an orc high priest
 23015 | Orc:1    | Reached XP level 13. HP: 89/99 MP: 17/17
 23059 | Orc:2    | Found Pyt Riv's Book Boutique.
 23085 | Orc:2    | Noticed an orc warlord
 23085 | Orc:2    | Found Oluwae's General Store.
 23533 | Orc:2    | Noticed an orc warlord
 24172 | Orc:1    | HP: 4/99 [orc warlord (20)]
 24172 | Orc:1    | Slain by an orc warlord

Illustrated notes

Levels and vault maps discovered:
D:1:      grunt_arrival_crossed_arrows, layout_basic,
          hellmonk_ecumenical_altar_blasted
D:2:      minmay_kobold_bridge, layout_basic, wad_orctagon
D:3:      layout_basic, ashenzari_conservatory_becter,
          kennysheep_generic_room_14, uniq_robin
D:4:      layout_loops_cross, kennysheep_orc_sif_temple,
          minmay_temple_entry_antechambers
D:5:      layout_loops_cross, lemuel_zombie_altar_yredelemnul,
          kennysheep_mini_moat, grunt_ministairs_12, skrybe_limestone_x
D:6:      layout_basic, lemuel_crystal_altar,
          nicolae_kikubaaqudgha_miasma_corner, minitemple,
          hangedman_decor_clover_reticule
D:7:      minmay_the_grid_plus_closed [minmay_the_grid_doors,
          minmay_the_grid_minigrid_large, minmay_the_grid_dragon_b,
          minmay_the_grid_small_cups, minmay_the_grid_prize_four_corners],
          layout_layer_cave, mainiacjoe_overflow_surrounded_room
D:8:      layout_basic, serial_co_window_serial, co_window_paths_b,
          co_window_corner_a, co_window_paths_a, co_window_of_opportunity_a,
          co_window_cross_1, co_window_paths_c, co_window_corner_b,
          co_window_unsneaky_path_c, glass_columns_b, glass_columns_a,
          glass_columns_a, glass_columns_a, roderic_serpentine_path,
          st_stairs_5, hangedman_decor_lopped, kennysheep_island_fort
D:9:      layout_gridville, gammafunk_ghost_ooze
D:10:     layout_loops_ring, uniq_grum
D:11:     layout_basic, minmay_lair_entry_grove, minmay_misc_feat_four_crosses,
          minmay_crystal_room
D:12:     layout_loops_corners, orc_0_dummy
Temple:   minmay_temple_bridge_abc
Orc:1:    layout_caves, serial_shops, shop_fountains, enter_volcano_4,
          uniq_josephine, uniq_erica
Orc:2:    grunt_orc_gardens, layout_diamond_mine, grunt_orc_garden,
          grunt_orc_garden, grunt_orc_garden, grunt_orc_garden

Skill      XL: |  1  2  3  4  5  6  7  8  9 10 11 12 13 |
---------------+----------------------------------------+-----
Throwing       | 1 2 3 4 5 6 7 |  7.0
Shields        | 3 4 5 6 7 8 |  8.4
Armour         | 3 4 5 6 7 |  7.2
Axes           | 3 4 5 6 7 8 9 |  9.7
Fighting       | 4 5 6 7 8 9 |  9.9
Invocations    | 2 3 5 6 |  6.4
Evocations     | 1 4 5 |  5.8
Dodging        | 1 3 4 |  4.0

Action                   |  1- 3 |  4- 6 |  7- 9 | 10-12 | 13-15 || total
-------------------------+-------+-------+-------+-------+-------++-------
Melee: War axe           |    52 |       |       |   247 |    63 ||   362
       Hand axe          |    48 |   181 |   187 |    62 |       ||   478
       Tailslap          |     3 |    19 |    55 |   136 |     8 ||   221
       Spear             |       |       |   124 |   401 |       ||   525
Throw: Boomerang         |       |     2 |     4 |    13 |       ||    19
       Dart              |       |     9 |     3 |    15 |     1 ||    28
Invok: Ancestor Life: He |       |       |     1 |       |       ||     1
       Recall Ancestor   |       |       |       |     9 |       ||     9
Evoke: Wand              |       |       |     2 |     8 |       ||    10
  Use: Potion            |       |       |     2 |     2 |     1 ||     5
       Scroll            |       |       |       |    14 |       ||    14
 Stab: Distracted        |       |       |     2 |    14 |       ||    16
       Confused          |       |       |       |     9 |       ||     9
Armor: Scale mail        |    54 |     7 |       |       |       ||    61
       Chain mail        |       |   108 |   139 |       |       ||   247
       Plate armour      |       |       |    36 |   259 |    24 ||   319
Dodge: Dodged            |    20 |    33 |    75 |   118 |    14 ||   260
Block: Kite shield       |    46 |    73 |   150 |   464 |    70 ||   803
       Reflection        |       |       |       |    11 |     1 ||    12
